 Dungeon Crawl Stone Soup version 0.21.0-34-g9234887 (webtiles) character file.

24 seren the Grave Robber (level 2, -1/20 HPs)
             Began as a Mummy Necromancer on Jan 29, 2018.
             Slain by an adder (2 damage)
             ... on level 2 of the Dungeon.
             The game lasted 00:04:10 (1058 turns).

seren the Grave Robber (Mummy Necromancer)          Turns: 1058, Time: 00:04:11

Health: -1/20      AC:  2    Str: 11    XL:     2   Next: 79%
Magic:  5/6        EV: 12    Int: 14    God:
Gold:   54         SH:  0    Dex: 12    Spells: 5/7 levels left

rFire    x . .     SeeInvis .   b - +0 hunting sling
rCold    + . .     Gourm    .   (no shield)
rNeg     + + +     Faith    .   a - +0 robe
rPois    ∞         Spirit   .   (no helmet)
rElec    .         Reflect  .   (no cloak)
rCorr    .         Harm     .   (no gloves)
MR       .....                  (no boots)
Stlth    ++........             (no amulet)
HPRegen  0.06/turn              (no ring)
MPRegen  0.10/turn              (no ring)

@: no status effects
A: no food or potions, fire vulnerability, cold resistance 1, negative energy
resistance 3, torment resistance, unbreathing
a: no special abilities


You were on level 2 of the Dungeon.
You were not hungry.

You visited 1 branch of the dungeon, and saw 2 of its levels.

You collected 54 gold pieces.

Inventory:

Hand Weapons
 b - a +0 hunting sling (weapon)
 j - a +0 whip
Missiles
 d - 47 stones (quivered)
 h - 11 poisoned needles
Armour
 a - a +0 robe (worn)
Scrolls
 e - a scroll of teleportation {unknown}
 f - a scroll of immolation {unknown}
 g - a scroll of enchant weapon {unknown}
 i - a scroll of fear {unknown}
Books
 c - a book of Necromancy

   Spells                             Type                      Level
   a - Pain                           Necromancy                   1
   b - Animate Skeleton               Necromancy                   1
   c - Vampiric Draining              Necromancy                   3
   d - Regeneration                   Charms/Necromancy            3
   e - Animate Dead                   Necromancy                   4
   f - Borgnjor's Vile Clutch         Necromancy/Earth             5


   Skills:
 + Level 0.7 Fighting
 - Level 1.6 Dodging
 + Level 1.9 Stealth
 + Level 3.1 Spellcasting
 * Level 4.3 Necromancy


You had 5 spell levels left.
You knew the following spells:

 Your Spells              Type           Power        Failure   Level  Hunger
a - Pain                  Necr           ##..         3%          1    N/A
s - Animate Skeleton      Necr           N/A          3%          1    N/A

Dungeon Overview and Level Annotations

Branches:
Dungeon (2/15)

Altars:


Innate Abilities, Weirdness & Mutations

You do not eat or drink.
Your flesh is vulnerable to fire.
You are immune to poison.
Your flesh is cold resistant. (rC+)
You are immune to negative energy. (rN+++)
You are immune to unholy pain and torment.
You can survive without breathing.


Message History

The adder bites your goblin skeleton. x2
Your goblin skeleton is destroyed!
The adder bites you but does no damage.
A dart slug comes into view.
The dart slug launches a dart at you. The slug dart misses you.
The slug dart hits the howler monkey.
The howler monkey hoots and howls with incredible vigour!
The dart slug bites you.
* * * LOW HITPOINT WARNING * * *
The adder bites you.
* * * LOW HITPOINT WARNING * * *
The howler monkey hoots and howls with incredible vigour!
The adder bites you.
* * * LOW HITPOINT WARNING * * *
The adder barely misses you. The adder bites you.
* * * LOW HITPOINT WARNING * * *
There is a stone staircase leading down here.
The adder bites you.
You die...

..#.#.# #.# #.# #.#
....#.###########Z# #.# #Z#
#<#.#.....Z.....#.# #.# #.#
###############.#.# #.# #.#
...........##.Z.#.####.#######.#
##########.##.###........%.....#
#.##..........#########
##########.##..#########
...............S@.....#
##########.##.S#.###.##
............#.w#.# #.#
######....###..#.###.# #....#
#h.#.#...#
######....###..#.#.###
...............#'#.###
############.........# ..
................#


You could see 2 adders.

Vanquished Creatures
  3 dart slugs (D:1)
  2 leopard geckos
  2 bats (D:1)
  2 giant cockroaches (D:2)
  A goblin (D:2)
  A hobgoblin (D:2)
  2 kobolds
  4 rats
17 creatures vanquished.

Notes
Turn   | Place    | Note
-------+----------+-------------------------------------------
     0 | D:1      | seren the Mummy Necromancer began the quest for the Orb.
     0 | D:1      | Reached XP level 1. HP: 13/13 MP: 4/4
   164 | D:1      | Reached XP level 2. HP: 19/19 MP: 5/5
   201 | D:1      | Learned a level 1 spell: Animate Skeleton
  1032 | D:2      | Noticed a howler monkey
  1056 | D:2      | HP: 1/20 [adder (5)]
  1058 | D:2      | Slain by an adder

Skill      XL: |  1  2 |
---------------+-------+-----
Spellcasting   | 3 |  3.1
Fighting       | |  0.7
Dodging        | |  1.6
Stealth        | |  1.9
Necromancy     | |  4.3

Action                   || total
-------------------------++-------
 Fire: Hunting sling     ||    26
 Cast: Pain              ||    24
       Animate Skeleton  ||     3
Armor: Robe              ||     3
Dodge: Dodged            ||     9
